 Dungeon Crawl Stone Soup version 0.21.0-3-g78d12a8 (console) character file.

39 ahub the Skirmisher (level 3, -2/29 HPs)
             Began as a Demonspawn Fighter on Jan 12, 2018.
             Killed from afar by an orc wizard (6 damage)
             ... with a magic dart
             ... on level 2 of the Dungeon.
             The game lasted 00:01:52 (1163 turns).

ahub the Skirmisher (Demonspawn Fighter)            Turns: 1163, Time: 00:01:53

Health: -2/29      AC:  6    Str: 17    XL:     3   Next: 28%
Magic:  0/3        EV:  7    Int:  9    God:
Gold:   60         SH:  9    Dex: 12    Spells: 2/2 levels left

rFire    . . .     SeeInvis .   a - +0 long sword
rCold    + . .     Gourm    .   c - +0 shield
rNeg     . . .     Faith    .   b - +0 scale mail
rPois    .         Spirit   +   (no helmet)
rElec    .         Reflect  .   (no cloak)
rCorr    .         Harm     .   (no gloves)
MR       .....                  (no boots)
Stlth    ..........             (no amulet)
HPRegen  0.09/turn              e - ring of protection from cold
MPRegen  0.08/turn              (no ring)

@: slowed, very slow
A: magic shield
a: no special abilities


You were on level 2 of the Dungeon.
You were hungry.

You visited 1 branch of the dungeon, and saw 2 of its levels.

You collected 60 gold pieces.

Inventory:

Hand Weapons
 a - a +0 long sword (weapon)
Armour
 b - a +0 scale mail (worn)
 c - a +0 shield (worn)
Jewellery
 e - a ring of protection from cold (left hand)
Scrolls
 g - 2 scrolls of identify {unknown}
 h - a scroll of remove curse {unknown}
 l - a scroll of noise {unknown}
Potions
 d - a potion of might
 i - a potion of flight {unknown}
 j - a potion of ambrosia {unknown}
 k - 2 potions of curing {unknown}
Comestibles
 f - 5 rations


   Skills:
 + Level 3.3 Fighting
 + Level 2.2 Long Blades
 + Level 3.0 Armour
 + Level 3.0 Shields


You had 2 spell levels left.
You didn't know any spells.

Dungeon Overview and Level Annotations

Branches:
Dungeon (2/15)

Altars:
Nemelex Xobeh


Innate Abilities, Weirdness & Mutations

When hurt, damage is shared between your health and your magic reserves.


Message History

The orc wizard is heavily wounded.
You hit the orc wizard.
The orc wizard is severely wounded.
You block the orc wizard's attack. The orc wizard casts a spell at you.
You feel as though you will be slow longer.
The orc hits you from afar with a trident.
* * * LOW HITPOINT WARNING * * *
The orc wizard hits you with a dagger.
* * * LOW HITPOINT WARNING * * *
The orc hits you from afar with a trident.
* * * LOW HITPOINT WARNING * * *
You hit the orc wizard but do no damage.
The orc wizard is severely wounded.
You block the orc wizard's attack.
The orc wizard points at you and mumbles some strange words.
You resist with significant effort. The orc hits you but does no damage.
The orc wizard gestures at you while chanting.
The magic dart hits you!
You die...

..#... ..#.#########
# ...........>.. ..
.⌠#.#...###.### .#
_...#.......... ..
.⌠..#....##.## .#
..#.#....##.# .#
..........#.#######.#
.#......#.#.......o.#
..................).#
..#....#..##....@)..#
...............o....#
..#..#...##........#
...................#
..##............#.#
$...##.#######.#
..#.. #. .# . .. .#
...


You could see an orc wizard and an orc.

Vanquished Creatures
  A gnoll (D:1)
  2 dart slugs (D:1)
  2 orcs (D:2)
  2 bats (D:1)
  A giant cockroach (D:1)
  A goblin (D:1)
  4 hobgoblins (D:1)
  A ball python (D:1)
  3 frilled lizards (D:1)
  5 kobolds (D:1)
  2 rats (D:1)
24 creatures vanquished.

Notes
Turn   | Place    | Note
-------+----------+-------------------------------------------
     0 | D:1      | ahub the Demonspawn Fighter began the quest for the Orb.
     0 | D:1      | Reached XP level 1. HP: 18/18 MP: 1/1
    82 | D:1      | Gained mutation: When hurt, damage is shared between your health and your magic reserves. [demonic ancestry]
    82 | D:1      | Reached XP level 2. HP: 20/24 MP: 2/2
   525 | D:1      | Reached XP level 3. HP: 15/29 MP: 3/3
  1126 | D:2      | Found a sparkling altar of Nemelex Xobeh.
  1163 | D:2      | Killed from afar by an orc wizard

Skill      XL: |  1  2 |
---------------+-------+-----
Long Blades    | 2 |  2.2
Shields        | 3 |  3.0
Armour         | 3 |  3.0
Fighting       | |  3.3

Action                   || total
-------------------------++-------
Melee: Long sword        ||    74
Armor: Scale mail        ||    38
Dodge: Dodged            ||    22
Block: Shield            ||    37
       Rpst.: Long sword ||     8
